 Dungeon Crawl Stone Soup version 0.29-a0-371-g91724d5b39 (webtiles) character file.

Game seed: 12257637493887139387

2303 Colgate the Cruncher (level 9, -3/52 HPs)
             Began as a Kobold Brigand on May 3, 2022.
             Was an Elder of Okawaru.
             Slain by a killer bee (9 damage)
             ... on level 7 of the Dungeon.
             The game lasted 00:28:08 (8777 turns).

Colgate the Cruncher (Kobold Brigand)               Turns: 8777, Time: 00:28:08

Health: -3/52      AC: 12    Str: 11    XL:     9   Next: 67%
Magic:  0/10       EV: 16    Int: 12    God:    Okawaru [****..]
Gold:   270        SH:  0    Dex: 18    Spells: 6/8 levels left

rFire   . . .      SeeInvis .   b - +2 quarterstaff (chaos)
rCold   . . .      Faith    .   (shield currently unavailable)
rNeg    . . .      Spirit   +   L - +0 swamp dragon scales
rPois   +          Reflect  .   (no helmet)
rElec   .          Harm     .   c - +0 cloak
rCorr   .          Rampage  .   I - +0 pair of gloves
Will    .....                   l - +0 pair of boots
Stlth   +++++.....              A - amulet of guardian spirit
HPRegen 0.17/turn               o - ring of wizardry
MPRegen 0.12/turn               (no ring)

@: heroic
A: small, no large weapons, nightstalker 3
a: Renounce Religion, Heroism, Finesse


You were on level 7 of the Dungeon.
You worshipped Okawaru.
Okawaru was greatly pleased with you.
You visited 2 branches of the dungeon, and saw 8 of its levels.

You collected 270 gold pieces.

Inventory:

Hand Weapons
 a - a +2 dagger
 b - a +2 quarterstaff of chaos (weapon)
Missiles
 d - 27 poisoned darts (quivered)
 e - 5 curare-tipped darts
 E - 5 datura-tipped darts
Armour
 c - a +0 cloak (worn)
 l - a +0 pair of boots (worn)
 q - a +1 robe of positive energy
 y - the +1 robe "Enyitaar" {rElec Int+3}
   (You found it on level 3 of the Dungeon)

   Int:       It affects your intelligence (+3).
   rElec:     It insulates you from electricity.
 I - a +0 pair of gloves (worn)
 J - a +3 leather armour
 L - +0 swamp dragon scales (worn)
Jewellery
 k - a ring of protection from fire
 o - a ring of wizardry (left hand)
 A - an amulet of guardian spirit (around neck)
 G - an amulet of regeneration
 K - a ring of fire
Wands
 B - a wand of polymorph (6)
Scrolls
 h - a scroll of magic mapping {unknown}
 i - 2 scrolls of blinking {@r4}
 n - a scroll of enchant armour {unknown}
 p - 4 scrolls of teleportation {@r3}
 s - a scroll of torment {unknown}
 w - a scroll of amnesia
 C - a scroll of fear {unknown}
 D - a scroll of brand weapon {unknown}
 F - a scroll of silence {unknown}
 H - a scroll of fog
Potions
 f - a potion of brilliance {unknown}
 g - 2 potions of might {unknown}
 j - a potion of flight {unknown}
 m - 3 potions of curing {@q1}
 r - 4 potions of degeneration
 t - a potion of resistance {@q5}
 u - a potion of berserk rage {unknown}
 v - 3 potions of heal wounds {unknown}
 x - 2 potions of lignification {unknown}
 z - a potion of haste {@q4}
 M - a potion of mutation {unknown}


   Skills:
 - Level 4.0(9.0) Fighting
 - Level 8.0(13.0) Short Blades
 - Level 9.0(14.0) Staves
 - Level 2.1(7.1) Throwing
 - Level 2.0(7.0) Dodging
 - Level 6.1(11.1) Stealth
 + Level 2.1 Invocations


You had 6 spell levels left.
You knew the following spells:

 Your Spells              Type           Power      Damage    Failure   Level
a - Poisonous Vapours     Pois/Air       0%         N/A       38%         2

Your spell library contained the following spells:

 Spells                   Type           Power      Damage    Failure   Level
 Corpse Rot               Necr/Air       0%         N/A       38%         2
 Dazzling Flash           Conj/Hex       0%         N/A       61%         3
 Ignite Poison            Fire/Tmut/Pois 0%         N/A       61%         3
 Mephitic Cloud           Conj/Pois/Air  0%         N/A       61%         3
 Agony                    Necr           0%         N/A       100%        5
 Freezing Cloud           Conj/Ice/Air   0%         6-21      100%        5
 Silence                  Hex/Air        0%         N/A       100%        5


Dungeon Overview and Level Annotations

Branches:
Dungeon (7/15)             Temple (1/1) D:5

Altars:
Ashenzari
Cheibriados
Dithmenos
Elyvilon
Fedhas
Hepliaklqana
Kikubaaqudgha
Makhleb
Nemelex Xobeh
Okawaru
Qazlal
Ru
Sif Muna
Trog
Uskayaw
Vehumet
Wu Jian
Xom
Yredelemnul
Zin
The Shining One

Annotations:
D:4 2 transporters kallion takana juttuja


Innate Abilities, Weirdness & Mutations

You are small and have problems with some larger weapons.
You are completely attuned to the shadows.


Message History

* * * LOW HITPOINT WARNING * * *
The killer bee misses you.
You sock the killer bee!
You feel sick.
You are no longer poisoned.
The killer bee stings you.
* * * LOW HITPOINT WARNING * * *
The killer bee closely misses you.
You miss the killer bee. The killer bee misses you.
The killer bee closely misses you.
You closely miss the killer bee. The killer bee closely misses you.
The killer bee barely misses you.
You closely miss the killer bee. The killer bee misses you. x2
The killer bee barely misses you. The killer bee completely misses you.
You sock the killer bee! You burn the killer bee.
You kill the killer bee!
Okawaru accepts your kill.
Okay, then.
You sock the killer bee!
You kill the killer bee!
Okawaru accepts your kill.
The killer bee stings you but does no damage.
Your Invocations skill increases to level 2!
Okay, then.
You barely miss the killer bee. The killer bee closely misses you.
You miss the killer bee. You miss the killer bee.
The killer bee closely misses you.
The killer bee misses you. x2; The killer bee barely misses you.
You hit the killer bee.
The killer bee goes berserk!
The killer bee stings you.
The killer bee stings you but does no damage.
You barely miss the killer bee. The killer bee misses you.
The killer bee barely misses you.
The killer bee stings you but does no damage.
You miss the killer bee. The killer bee closely misses you.
The killer bee stings you but does no damage.
The killer bee barely misses you.
You hit the killer bee. The killer bee misses you.
The killer bee stings you but does no damage.
The killer bee completely misses you.
You barely miss the killer bee. The killer bee stings you!
You die...

.......+........#
+###...##...##.##
.########...##.###
............+....#
............#....#
............#....#
............#....# .
.....####.####...# ..
#########.####..@##...
#.........†yy....
#.........>.#....
#...........##...
##..#######+# ... ####
..


You could see 2 killer bees.

Vanquished Creatures
  A harpy (shapeshifter) (D:6)
  Maggie (D:6)
  Sigmund (D:2)
  A water moccasin (D:6)
  A sky beast (D:6)
  An ogre (D:4)
  A phantom (D:4)
  A bullfrog (D:6)
  A scorpion (D:6)
  A necrophage (D:7)
  5 killer bees (D:7)
  2 hounds
  2 jellies (D:6)
  An orc priest (D:5)
  Crazy Yiuf (D:2)
  Jessica (D:3)
  4 iguanas
  2 orc wizards (D:4)
  10 gnolls
  6 adders
  A shadow imp (D:6)
  2 white imps
  3 worms
  6 dart slugs
  7 orcs
  3 bats
  7 endoplasms
  A giant cockroach (D:2)
  10 goblins
  11 hobgoblins
  10 jackals
  3 quokkas
  10 ball pythons
  2 frilled lizards
  6 kobolds
  5 rats
131 creatures vanquished.

Notes
Turn   | Place    | Note
-------+----------+-------------------------------------------
     0 | D:1      | Colgate the Kobold Brigand began the quest for the Orb.
     0 | D:1      | Reached XP level 1. HP: 12/12 MP: 1/1
   173 | D:1      | Reached XP level 2. HP: 17/17 MP: 2/2
   402 | D:1      | Reached XP level 3. HP: 19/21 MP: 3/3
   619 | D:1      | Found a faded altar of an unknown god.
   625 | D:1      | Prayed at the altar of an unknown god.
   625 | D:1      | Became a worshipper of Warmaster Okawaru
   625 | D:1      | Reached * piety under Okawaru
   953 | D:1      | Reached skill level 5 in Short Blades
  1466 | D:1      | Found an iron altar of Okawaru.
  1764 | D:2      | Noticed Sigmund
  1786 | D:2      | Killed Sigmund
  1786 | D:2      | Reached ** piety under Okawaru
  1787 | D:2      | Reached XP level 4. HP: 26/26 MP: 2/4
  1787 | D:2      | Reached XP level 5. HP: 30/30 MP: 2/5
  1787 | D:2      | Reached XP level 6. HP: 35/35 MP: 2/6
  2373 | D:2      | Found a runed translucent door.
  2376 | D:2      | Noticed Crazy Yiuf
  2382 | D:2      | Killed Crazy Yiuf
  2622 | D:3      | Identified the +1 robe "Enyitaar" {rElec Int+3}
  2637 | D:3      | Learned a level 2 spell: Poisonous Vapours
  2701 | D:3      | Noticed Jessica
  2706 | D:3      | Killed Jessica
  2857 | D:3      | Reached *** piety under Okawaru
  2921 | D:3      | Reached XP level 7. HP: 41/41 MP: 7/7
  4154 | D:4      | Found a transporter.
  4184 | D:4      | Reached skill level 1 in Staves
  4218 | D:4      | Reached skill level 2 in Staves
  4303 | D:4      | Paralysed by an orc wizard for 5 turns
  4530 | D:4      | Found a transporter.
  4753 | D:5      | Entered Level 5 of the Dungeon
  4846 | D:5      | Found a staircase to the Ecumenical Temple.
  4862 | Temple   | Entered the Ecumenical Temple
  5627 | D:5      | Reached skill level 3 in Staves
  5988 | D:4      | Reached XP level 8. HP: 29/48 MP: 5/8
  5991 | D:4      | Reached skill level 4 in Staves
  7112 | D:6      | Reached skill level 5 in Staves
  7345 | D:6      | Noticed Maggie
  7361 | D:6      | Killed Maggie
  7361 | D:6      | Reached **** piety under Okawaru
  7362 | D:6      | Reached skill level 6 in Staves
  7706 | D:6      | Reached XP level 9. HP: 34/52 MP: 4/9
  7835 | D:6      | Reached skill level 7 in Staves
  8106 | D:6      | Noticed a queen bee
  8106 | D:6      | a shapeshifter changed into a queen bee
  8119 | D:6      | Noticed a hornet
  8119 | D:6      | a queen bee changed into a hornet
  8121 | D:6      | Noticed a harpy
  8121 | D:6      | a hornet changed into a harpy
  8132 | D:6      | Killed a harpy
  8133 | D:6      | Reached skill level 8 in Staves
  8757 | D:7      | Reached skill level 9 in Staves
  8763 | D:7      | Reached skill level 1 in Invocations
  8777 | D:7      | Slain by a killer bee

Illustrated notes

Levels and vault maps discovered:
D:1:      minmay_arrival_split_and_join, layout_rooms,
          dreamdust_ecumenical_altar_hidden_monk_grotto
D:2:      layout_rooms, uniq_crazy_yiuf_cottage, uniq_sigmund
D:3:      wander_river, layout_basic, hangedman_decor_opposing, uniq_jessica
D:4:      gammafunk_cloud_chamber, layout_cave_pools, due_unseen_surprise
D:5:      layout_basic, minmay_temple_entry_proselytizer
D:6:      layout_loops_ring, uniq_maggie
D:7:      layout_gridville
Temple:   mainiacjoe_temple_archimedes_tessellation

Skill      XL: |  1  2  3  4  5  6  7  8  9 |
---------------+----------------------------+-----
Short Blades   | 3 4 7 8 |  8.0
Stealth        | 6 |  6.1
Fighting       | 3 4 |  4.0
Dodging        | 2 |  2.0
Staves         | 3 6 9 |  9.0
Invocations    | 2 |  2.1
Throwing       | |  2.1

Action                   |  1- 3 |  4- 6 |  7- 9 || total
-------------------------+-------+-------+-------++-------
Melee: Dagger            |    83 |    76 |    92 ||   251
       Quarterstaff      |       |       |   182 ||   182
Throw: Dart              |     5 |       |     6 ||    11
 Cast: Poisonous Vapours |       |       |    17 ||    17
Invok: Heroism           |     1 |     1 |     7 ||     9
  Use: Scroll            |     2 |       |     4 ||     6
 Stab: Sleeping          |     9 |    20 |    17 ||    46
       Distracted        |     1 |     1 |     1 ||     3
       Confused          |       |       |     2 ||     2
Armor: Robe              |     9 |     7 |    27 ||    43
       Ring mail         |     2 |       |       ||     2
       Swamp dragon scal |       |       |    33 ||    33
       Leather armour    |       |       |     3 ||     3
Dodge: Dodged            |    35 |    22 |   187 ||   244

Table legend: (Time is in decaauts)
 A = Elapsed time spent in this place.
 B = Non-inter-level travel time spent in this place.
 C = Inter-level travel time spent in this place.
 D = Time resting spent in this place.
 E = Time spent auto-exploring this place.
 F = Levels seen in this place.
 G = Mean time per level.
                   A        B        C        D        E       F      G
               +--------+--------+--------+--------+--------+-----+--------+
         Total |   8687 |   8304 |    383 |    132 |   6930 |   8 | 1085.9 |
       Dungeon |   8122 |   7770 |    352 |    132 |   6417 |   7 | 1160.3 |
        Temple |    564 |    533 |     31 |      0 |    513 |   1 |  564.0 |
               +--------+--------+--------+--------+--------+-----+--------+

Top non-repeatable levels by time:
     D:1: 1805 daAuts
     D:6: 1601 daAuts
     D:4: 1352 daAuts
     D:5: 1333 daAuts
     D:3: 1148 daAuts
     D:2: 743 daAuts
  Temple: 564 daAuts
     D:7: 137 daAuts
